 Dungeon Crawl Stone Soup version 0.23-a0-449-g8e4cbf7 (webtiles) character file.

3361 Dfrag the Arsonist (level 10, 0/75 HPs)
             Began as a Naga Fire Elementalist on Nov 21, 2018.
             Was a Priest of Makhleb.
             Killed from afar by Psyche (7 damage)
             ... with a puff of frost
             ... on level 8 of the Dungeon.
             The game lasted 00:10:19 (6204 turns).

Dfrag the Arsonist (Naga Fire Elementalist)         Turns: 6204, Time: 00:10:20

Health: 0/75       AC:  7    Str: 11    XL:     10   Next: 3%
Magic:  6/21       EV: 10    Int: 19    God:    Makhleb [***...]
Gold:   57         SH:  0    Dex: 11    Spells: 11/24 levels left

rFire    + . .     SeeInvis +   b - +5 mace "Demonslayer" {venom, +Inv}
rCold    . . .     Gourm    .   (no shield)
rNeg     . . .     Faith    .   a - +0 robe
rPois    +         Spirit   .   (no helmet)
rElec    .         Reflect  .   F - +2 cloak
rCorr    .         Harm     .   (no gloves)
MR       +....                  (no barding)
Stlth    ++........             (no amulet)
HPRegen  0.22/turn              (no ring)
MPRegen  0.17/turn              o - ring of protection from fire

@: about to teleport, studying Air Magic, very slow
A: large, see invisible, deformed body, poison resistance, slowness 2, slow
metabolism 1, spit poison 1, AC +3
a: Spit Poison, Minor Destruction, Lesser Servant of Makhleb, Renounce Religion,
Evoke Invisibility


You were on level 8 of the Dungeon.
You worshipped Makhleb.
Makhleb was most pleased with you.
You were not hungry.

You visited 1 branch of the dungeon, and saw 8 of its levels.
You also visited: Sewer.

You collected 380 gold pieces.
You spent 323 gold pieces at shops.

Inventory:

Hand Weapons
 b - the +5 mace "Demonslayer" (weapon) {venom, +Inv}
   (You bought it in a shop on level 7 of the Dungeon)

   It poisons the flesh of those it strikes.
   It lets you turn invisible.
Armour
 a - a +0 robe (worn)
 F - a +2 cloak (worn)
Jewellery
 o - a ring of protection from fire (right hand)
 t - an uncursed amulet of the gourmand {unknown}
Wands
 y - a wand of digging (6)
 C - a wand of enslavement (7)
Scrolls
 d - 3 scrolls of fog
 h - 5 scrolls of teleportation
 k - 2 scrolls of remove curse {unknown}
 l - 3 scrolls of identify
 p - 2 scrolls of amnesia {unknown}
 v - 2 scrolls of immolation {unknown}
 A - a scroll of enchant weapon {unknown}
 D - a scroll of fear {unknown}
Potions
 e - 2 potions of invisibility
 f - a potion of brilliance {unknown}
 g - 3 potions of flight {unknown}
 i - 3 potions of might {unknown}
 n - 2 potions of curing
 q - 2 potions of magic {unknown}
 r - a potion of mutation {unknown}
 s - 3 potions of agility {unknown}
 w - 2 potions of ambrosia {unknown}
 x - a potion of lignification {unknown}
 z - a potion of berserk rage {unknown}
 B - a potion of heal wounds {unknown}
Books
 j - a manual of Air Magic
Comestibles
 c - 7 rations


   Skills:
 - Level 1.5 Dodging
 - Level 3.0 Stealth
 + Level 7.6 Spellcasting
 + Level 8.1 Conjurations
 + Level 8.5 Fire Magic


You had 11 spell levels left.
You knew the following spells:

 Your Spells              Type           Power        Failure   Level  Hunger
a - Flame Tongue          Conj/Fire      #####        1%          1    None
b - Conjure Flame         Conj/Fire      #####...     1%          3    #......
c - Sticky Flame          Conj/Fire      #####...     3%          4    ###....
d - Fireball              Conj/Fire      #####.....   9%          5    #####..

Your spell library contained the following spells:

 Spells                   Type           Power        Failure   Level  Hunger
 Magic Dart               Conj           ####         1%          1    None
 Throw Flame              Conj/Fire      #####.       1%          2    None
 Inner Flame              Hex/Fire       ###.....     4%          3    #......
 Mephitic Cloud           Conj/Pois/Air  ###.....     10%         3    #......
 Blink                    Tloc           N/A          14%         2    None
 Call Imp                 Summ           #.......     14%         2    None
 Slow                     Hex            #.......     14%         2    None


Dungeon Overview and Level Annotations

Branches:
Dungeon (8/15)             Temple (0/1) D:5
   Lair: D:8-11

Altars:
Makhleb
Qazlal
Ru
Wu Jian
Xom
Yredelemnul
The Shining One

Shops:
D:7 (

Annotations:
D:8 Psyche


Innate Abilities, Weirdness & Mutations

You cannot wear boots.
Your serpentine skin is tough. (AC +3)
You have supernaturally acute eyesight. (SInv)
Armour fits poorly on your strangely shaped body.
Your system is resistant to poisons. (rPois)
You cover ground very slowly.
You have a slow metabolism.
You can spit poison.


Message History

The killer bee misses you.
Psyche hits you with a +0 dagger of distortion.
Space bends around you.
* * * LOW HITPOINT WARNING * * *
As you read the scroll of teleportation, it crumbles to dust.
You feel strangely unstable.
The killer bee burns!
You kill the killer bee!
Makhleb accepts your kill.
Psyche hits you with a +0 dagger of distortion.
* * * LOW HITPOINT WARNING * * *
Space bends around you.
* * * LOW HITPOINT WARNING * * *
Unknown command.
Psyche hits you but does no damage. Space bends around you.
* * * LOW HITPOINT WARNING * * *
Unknown command.
Unknown command.
Psyche gestures at you while chanting. The puff of frost hits you!
You die...

## ..# #.# # #.####
######### #. #.#..
.>......#
###.##.#.##########.######
........@@................
.###....#####.####.######
# #....# #.# #.#
###.###....# #.# #.#
........†..# #.# #.#
###.##†....# #.# #.#
#....#.......#.# #.#
#..#....####.#.# #.#
#....####.# #.# #.##


You could see Psyche.

Vanquished Creatures
  Prince Ribbit (D:5)
  Sigmund (D:4)
  Eustachio (D:4)
  A human (D:7)
  A water moccasin (D:5)
  An orc warrior (D:6)
  4 ice beasts
  2 ogres
  A necrophage (D:8)
  3 centaurs
  2 big kobolds (Sewer)
  Blork the orc (D:5)
  4 bullfrogs
  A wyvern zombie (D:8)
  A scorpion (D:7)
  3 killer bees (D:8)
  A howler monkey (D:7)
  4 crimson imps
  3 hounds
  A quasit (D:7)
  A human zombie (D:7)
  An orc priest (D:6)
  A bullfrog skeleton (D:5)
  Crazy Yiuf (D:5)
  An iguana (D:6)
  Jessica (D:2)
  4 orc wizards
  4 worker ants
  A worker ant zombie (D:6)
  3 gnolls (D:3)
  11 adders
  A river rat (D:6)
  4 oozes
  5 worms
  4 dart slugs
  8 leopard geckos
  12 orcs
  3 ball pythons
  7 bats
  2 giant cockroaches
  6 goblins
  8 hobgoblins
  2 jackals (D:5)
  19 kobolds
  7 quokkas
  A frilled lizard (D:2)
  A quokka zombie (D:5)
  15 rats
171 creatures vanquished.

Notes
Turn   | Place    | Note
-------+----------+-------------------------------------------
     0 | D:1      | Dfrag the Naga Fire Elementalist began the quest for the
                  | Orb.
     0 | D:1      | Reached XP level 1. HP: 15/15 MP: 3/3
    82 | D:1      | Reached XP level 2. HP: 16/22 MP: 3/5
   197 | D:1      | Reached XP level 3. HP: 19/28 MP: 1/6
   474 | D:2      | Found a shimmering altar of Xom.
   496 | D:2      | Found a burning altar of Makhleb.
   508 | D:2      | Became a worshipper of Makhleb the Destroyer
   596 | D:2      | Reached XP level 4. HP: 4/36 MP: 0/8
   952 | D:2      | Noticed Jessica
   957 | D:2      | Killed Jessica
  1053 | D:2      | Found a glowing golden altar of the Shining One.
  1101 | D:3      | Learned a level 3 spell: Conjure Flame
  1106 | D:3      | Learned a level 4 spell: Sticky Flame
  1172 | D:3      | Reached XP level 5. HP: 38/42 MP: 0/9
  1350 | D:3      | Reached * piety under Makhleb
  1415 | D:3      | Noticed an ogre
  1423 | D:3      | Killed an ogre
  1423 | D:3      | Reached XP level 6. HP: 49/49 MP: 6/11
  2341 | D:4      | Noticed Sigmund
  2349 | D:4      | Killed Sigmund
  2349 | D:4      | Reached skill level 5 in Fire Magic
  2349 | D:4      | Reached XP level 7. HP: 32/55 MP: 7/13
  2661 | D:4      | Found a sacrificial altar of Ru.
  2705 | D:4      | Noticed Eustachio
  2711 | D:4      | Killed Eustachio
  3012 | D:5      | Entered Level 5 of the Dungeon
  3019 | D:5      | Learned a level 5 spell: Fireball
  3225 | D:5      | Reached skill level 5 in Spellcasting
  3225 | D:5      | Reached skill level 5 in Conjurations
  3225 | D:5      | Reached XP level 8. HP: 40/62 MP: 10/15
  3429 | D:5      | Found a stormy altar of Qazlal.
  3450 | D:5      | Noticed Blork the orc
  3458 | D:5      | Killed Blork the orc
  3482 | D:5      | Noticed Prince Ribbit
  3491 | D:5      | Killed Prince Ribbit
  3536 | D:5      | Found a staircase to the Ecumenical Temple.
  3670 | D:5      | Found a runed door.
  3892 | D:5      | Noticed Crazy Yiuf
  3896 | D:5      | Killed Crazy Yiuf
  4095 | D:6      | Found a glowing drain.
  4100 | Sewer    | Entered a sewer
  4125 | Sewer    | Reached ** piety under Makhleb
  4618 | D:6      | Reached XP level 9. HP: 62/68 MP: 18/18
  5262 | D:6      | Reached *** piety under Makhleb
  5463 | D:7      | Found an ornate altar of the Wu Jian Council.
  5668 | D:7      | Found a runed door.
  5672 | D:7      | Found a basalt altar of Yredelemnul.
  5675 | D:7      | Found Uxejest's Antique Weapon Emporium.
  5726 | D:7      | Bought an ancient mace for 152 gold pieces
  5726 | D:7      | Bought an encrusted scimitar for 171 gold pieces
  5737 | D:7      | Identified the +2 scimitar of Lavu {flame, +Inv} (You
                  | bought it in a shop on level 7 of the Dungeon)
  5738 | D:7      | Identified the +5 mace "Demonslayer" {venom, +Inv} (You
                  | bought it in a shop on level 7 of the Dungeon)
  6195 | D:8      | Noticed Psyche
  6196 | D:8      | Reached XP level 10. HP: 40/75 MP: 12/21
  6204 | D:8      | Killed from afar by Psyche

Vault maps used:
D:1:      roderic_chinese_lattice_arrival
D:2:      lemuel_coloured_pillars_altar, bloody_makhleb, xom_teletrap_fun,
          uniq_jessica
D:3:      first_ration
D:4:      old_standard_altar, minmay_manual_moon, uniq_sigmund, uniq_eustachio
D:5:      lemuel_doored_altar, minmay_temple_entry_statues_fountains,
          uniq_blork_the_orc, uniq_prince_ribbit1, uniq_crazy_yiuf_cottage
D:6:      gup_sewer_entry_bowl, minmay_small_thing
D:7:      nicolae_overflow_crystal_walls, serial_shops, shop,
          dk_yredelemnul_ordeal
D:8:      serial_undead, serial_undead_e, serial_undead_b, serial_undead_a,
          serial_undead_f, uniq_psyche
Sewer:    sewer_co_tree

Skill      XL: |  1  2  3  4  5  6  7  8  9 |
---------------+----------------------------+-----
Conjurations   | 2 3 4 5 6 8 |  8.1
Spellcasting   | 3 4 5 6 7 |  7.6
Fire Magic     | 4 5 7 8 |  8.5
Dodging        | |  1.5
Stealth        | |  3.0

Action                   |  1- 3 |  4- 6 |  7- 9 | 10-12 || total
-------------------------+-------+-------+-------+-------++-------
Melee: Unarmed           |     8 |       |       |       ||     8
       Spear             |       |    68 |     5 |       ||    73
       Rapier            |       |       |    90 |       ||    90
       Mace              |       |       |     9 |       ||     9
 Cast: Flame Tongue      |    42 |    29 |   136 |       ||   207
       Conjure Flame     |       |     2 |       |       ||     2
       Sticky Flame      |       |     4 |    32 |     2 ||    38
 Abil: Spit Poison       |    23 |    12 |     9 |       ||    44
  Use: Scroll            |       |       |     3 |     1 ||     4
       Potion            |       |       |       |     1 ||     1
 Stab: Sleeping          |       |     3 |     1 |       ||     4
  Eat: Chunk             |       |     7 |    17 |       ||    24
Armor: Robe              |    14 |    18 |    78 |     1 ||   111
Dodge: Dodged            |    29 |    33 |   115 |     7 ||   184

Table legend:
 A = Non-vault XP
 B = Vault XP
 C = Vault XP percentage of total XP
 D = Non-vault monster count
 E = Vault monster count
 F = Vault count percentage of total count
                 A         B        C        D         E       F
            +---------+---------+-------+---------+---------+-------
      Total |    3066 |    1736 |  36.2 |     125 |      46 |  26.9
            +---------+---------+-------+---------+---------+-------
        D:1 |      53 |       0 |   0.0 |      24 |       0 |   0.0
        D:2 |      37 |      37 |  50.0 |      13 |       1 |   7.1
        D:3 |     254 |       0 |   0.0 |      28 |       0 |   0.0
        D:4 |     146 |     518 |  78.0 |       8 |       5 |  38.5
        D:5 |     439 |     421 |  49.0 |      10 |       3 |  23.1
        D:6 |     931 |      26 |   2.7 |      19 |       5 |  20.8
        D:7 |     775 |     231 |  23.0 |      18 |       2 |  10.0
        D:8 |     431 |     205 |  32.2 |       5 |       2 |  28.6
      Sewer |       0 |     298 | 100.0 |       0 |      28 | 100.0
            +---------+---------+-------+---------+---------+-------
